 Dungeon Crawl Stone Soup version 0.31-a0-1147-g46bab52692 (webtiles) character file.

Game seed: 16928366243472908446

28 Malachi the Shooter (level 2, 0/22 HPs)
             Began as a Demonspawn Hunter on Dec 7, 2023.
             Succumbed to an adder's poison
             ... on level 2 of the Dungeon.
             The game lasted 00:00:43 (588 turns).

Malachi the Shooter (Demonspawn Hunter)              Turns: 588, Time: 00:00:43

Health: 0/22       AC:  3    Str: 11    XL:     2   Next: 96%
Magic:  2/2        EV: 11    Int:  9    God:
Gold:   32         SH:  0    Dex: 16    Spells: 1/1 levels left

rFire   . . .        a - +0 shortbow
rCold   . . .        (shield currently unavailable)
rNeg    . . .        c - +0 leather armour
rPois   .            (helmet restricted)
rElec   .            (no cloak)
rCorr   .            (no gloves)
SInv    .            (no boots)
Will    .....        (no amulet)
Stlth   +            (no ring)
HPRegen 0.23/turn    (no ring)
MPRegen 0.08/turn

%: no passive effects
@: lethally poisoned (0 -> -5)
A: horns 1
a: no special abilities


You were on level 2 of the Dungeon.
You visited 1 branch of the dungeon, and saw 2 of its levels.

You collected 32 gold pieces.

Inventory:

Hand Weapons
 a - a +0 shortbow (weapon)
 f - a +1 dagger of freezing
Armour
 c - a +0 leather armour (worn)
Jewellery
 i - a ring of willpower
Scrolls
 b - a scroll of butterflies
 d - a scroll of amnesia {unknown}
 e - 4 scrolls of identify {unknown}
 g - a scroll of fog {unknown}
 h - a scroll of revelation {unknown}
Potions
 j - a potion of might {unknown}


   Skills:
 - Level 2.0 Fighting
 + Level 4.5 Ranged Weapons
 - Level 1.7 Dodging
 - Level 0.8 Stealth


You had one spell level left.
You didn't know any spells.
Your spell library was empty.

Dungeon Overview and Level Annotations

Branches:
Dungeon (2/15)

Altars:


Innate Abilities, Weirdness & Mutations

You have a pair of small horns on your head.


Message History

You shoot an arrow. The arrow misses the adder.
You shoot an arrow.
The arrow hits the adder but does no damage.
The adder is lightly wounded.
The adder bites you but does no damage.
You shoot an arrow. The arrow barely misses the adder.
The arrow hits the hobgoblin but does no damage.
The adder closely misses you. The adder bites you but does no damage.
You shoot an arrow. The arrow barely misses the adder.
The adder bites you but does no damage. The adder bites you.
You shoot an arrow. The arrow misses the adder.
The hobgoblin hits you. The adder bites you but does no damage.
The hobgoblin hits you but does no damage.
You shoot an arrow. The arrow hits the adder.
The adder is moderately wounded.
The adder bites you.
You are poisoned.
The adder poisons you! The adder bites you but does no damage.
The hobgoblin closely misses you.
You shoot an arrow. The arrow hits the adder.
The adder is heavily wounded.
You feel sick. The adder bites you but does no damage.
The hobgoblin barely misses you.
You shoot an arrow. The arrow barely misses the adder.
You feel sick. The adder misses you. The hobgoblin barely misses you.
The adder bites you.
You are too injured to fight recklessly!
Unknown command.
You feel sick.
You feel sick.
The hobgoblin attacks as it pursues you!
The hobgoblin closely misses you. The adder bites you but does no damage.
You see here a +0 whip.
You feel sick. The adder attacks as it pursues you! The adder bites you.
* * * LOW HITPOINT WARNING * * *
You are lethally poisoned!
The adder poisons you!
* * * LOW HITPOINT WARNING * * *
You feel sick. The adder attacks as it pursues you! The adder bites you.
* * * LOW HITPOINT WARNING * * *
You die...

#.#.# #. #.#.#
#. #.#.#
#.##.#<#
#......# ..
#.....###....
#............
#....<# ###g.@.#
#.†S##.....#
###.).##.#...#
##.w............
#............###
#........###..
#.##...### ###
#. #...# . ##..#


You could see a worm, an adder and a hobgoblin.

Vanquished Creatures
  A dart slug (D:1)
  2 endoplasms (D:1)
  A giant cockroach (D:1)
  5 goblins (D:1)
  3 hobgoblins (D:1)
  A kobold (D:1)
  2 ball pythons (D:1)
  5 bats
  2 frilled lizards (D:1)
  3 rats (D:1)
25 creatures vanquished.

Notes
Turn   | Place    | Note
-------+----------+-------------------------------------------
     0 | D:1      | Malachi the Demonspawn Hunter began the quest for the Orb.
     0 | D:1      | Reached XP level 1. HP: 16/16 MP: 1/1
    44 | D:1      | Reached skill level 4 in Ranged Weapons
    48 | D:1      | Gained mutation: You have a pair of small horns on your
                  | head. [demonic ancestry]
    48 | D:1      | Reached XP level 2. HP: 10/22 MP: 2/2
   588 | D:2      | Succumbed to an adder's poison

Illustrated notes

Levels and vault maps discovered:
D:1:      shiori_shiawase, layout_basic, chequers_serial_rivers_room_b
D:2:      layout_loops_cross, minmay_bisected, uniq_robin

Skill      XL: |  1 |
---------------+----+-----
Ranged Weapons | 4 |  4.5
Fighting       | |  2.0
Dodging        | |  1.7
Stealth        | |  0.8

Action                     || total
---------------------------++-------
   Fire: Shortbow          ||    79
 Armour: Leather armour    ||    26
  Dodge: Dodged            ||    11

Table legend: (Time is in decaauts)
 A = Elapsed time spent in this place.
 B = Non-inter-level travel time spent in this place.
 C = Inter-level travel time spent in this place.
 D = Time resting spent in this place.
 E = Time spent auto-exploring this place.
 F = Levels seen in this place.
 G = Mean time per level.
                   A        B        C        D        E       F      G
               +--------+--------+--------+--------+--------+-----+--------+
         Total |    606 |    590 |     16 |      0 |    451 |   2 |  303.0 |
       Dungeon |    606 |    590 |     16 |      0 |    451 |   2 |  303.0 |
               +--------+--------+--------+--------+--------+-----+--------+

Top non-repeatable levels by time:
     D:1: 577 daAuts
     D:2: 28 daAuts
